 Dungeon Crawl Stone Soup version 0.22.1-1-ga44c0e5 (webtiles) character file.

196 leisz the Digger (level 5, 0/32 HPs)
             Began as a Gargoyle Earth Elementalist on Oct 1, 2018.
             Was an Initiate of Makhleb.
             Killed from afar by Natasha (7 damage)
             ... with a magic dart
             ... on level 3 of the Dungeon.
             The game lasted 00:05:23 (2277 turns).

leisz the Digger (Gargoyle Earth Elementalist)      Turns: 2277, Time: 00:05:24

Health: 0/32       AC:  0    Str: 12    XL:     5   Next: 74%
Magic:  10/10      EV: 14    Int: 16    God:    Makhleb [......]
Gold:   83         SH:  0    Dex: 10    Spells: 9/10 levels left

rFire    . . .     SeeInvis .   (weapon currently unavailable)
rCold    . . .     Gourm    .   (shield currently unavailable)
rNeg     + . .     Faith    .   (armour currently unavailable)
rPois    ∞         Spirit   .   (helmet currently unavailable)
rElec    .         Reflect  .   (cloak currently unavailable)
rCorr    .         Harm     .   (gloves currently unavailable)
MR       .....                  (boots currently unavailable)
Stlth    ++........             (no amulet)
HPRegen  0.10/turn              (ring currently unavailable)
MPRegen  0.12/turn              (ring currently unavailable)

@: pig-form (expiring), very quick
A: small, negative energy resistance 1, petrification resistance, rot immunity,
AC +4
a: Renounce Religion


You were on level 3 of the Dungeon.
You worshipped Makhleb.
Makhleb was noncommittal.
You were not hungry.
You were a filthy swine.
You visited 1 branch of the dungeon, and saw 3 of its levels.

You collected 83 gold pieces.

Inventory:

Hand Weapons
 g - a +0 whip (melded)
Missiles
 b - 33 stones (quivered)
Armour
 c - a +0 robe (melded)
 p - a +0 pair of gloves (melded)
Jewellery
 s - an uncursed amulet of the acrobat {unknown}
Scrolls
 a - 4 scrolls of identify {unknown}
 e - a scroll of random uselessness {unknown}
 h - a scroll of noise {unknown}
 l - a scroll of immolation {unknown}
 n - a scroll of remove curse {unknown}
 q - a scroll of blinking {unknown}
Potions
 i - a potion of heal wounds {unknown}
 k - a potion of brilliance {unknown}
 m - a potion of curing {unknown}
 o - a potion of agility {unknown}
 r - a potion of magic {unknown}
Comestibles
 d - 3 rations
 j - 6 chunks of flesh


   Skills:
 + Level 3.1 Fighting
 - Level 1.5 Dodging
 - Level 2.1 Stealth
 + Level 3.4 Spellcasting
   Level 0.7 Transmutations
 + Level 5.2 Earth Magic


You had 9 spell levels left.
You knew the following spells:

 Your Spells              Type           Power        Failure   Level  Hunger
a - Sandblast             Erth           ###...       1%          1    None

Your spell library contained the following spells:

 Spells                   Type           Power        Failure   Level  Hunger
 Passwall                 Tmut/Erth      ##......     8%          2    ##.....
 Stone Arrow              Conj/Erth      ##....       19%         3    ###....
 Petrify                  Tmut/Erth      ##......     45%         4    ####...
 Lee's Rapid Deconstruct  Erth           ###.......   50%         5    ######.


Dungeon Overview and Level Annotations

Branches:
Dungeon (3/15)

Altars:
Dithmenos
Makhleb

Annotations:
D:3 Natasha


Innate Abilities, Weirdness & Mutations

You are resistant to torment.
((Your stone body is resilient. (AC +4)))
You are immune to poison.
You resist negative energy. (rN+)
((You are resistant to electric shocks. (rElec)))
((You can survive without breathing.))
You are immune to petrification.
You are immune to rotting.


Message History

Natasha barely misses you.
Natasha zaps a wand.
You resist with some effort.
Natasha howls an incantation.
You feel disoriented.
Natasha zaps a wand.
You resist with some effort.
Your transformation is almost over.
Natasha stares at you and mumbles some strange words.
The magic dart hits you!
Natasha stares at you and mumbles some strange words.
The magic dart hits you!
* * * LOW HITPOINT WARNING * * *
It was a potion of lignification.
You feel woody for a moment.
Natasha zaps a wand.
You resist with some effort. Natasha barely misses you.
Natasha wildly gestures.
You feel troubled.
Found a runed hand axe and a helmet.
Natasha stares at you and mumbles some strange words.
The magic dart hits you!
You die...

..## ... .[###
#..). ...##
....###
##....... ...
#h.# ... #.##
..##### #.#
..#...###h# #
#.#.......#
#.#.
#.#....####
#.?..#.#....#
#..........##
.......##....#


You could see Natasha.

Vanquished Creatures
  Natasha (twice) (D:3)
  A gnoll (D:1)
  6 adders
  4 worms (D:2)
  A dart slug (D:1)
  3 leopard geckos
  2 ball pythons (D:2)
  2 giant cockroaches (D:2)
  13 hobgoblins
  2 jackals (D:1)
  2 quokkas (D:2)
  8 bats
  4 frilled lizards
  5 goblins
  11 kobolds
  7 rats
73 creatures vanquished.

Notes
Turn   | Place    | Note
-------+----------+-------------------------------------------
     0 | D:1      | leisz the Gargoyle Earth Elementalist began the quest for
                  | the Orb.
     0 | D:1      | Reached XP level 1. HP: 10/10 MP: 3/3
   193 | D:1      | Reached XP level 2. HP: 15/16 MP: 1/5
   207 | D:1      | Reached skill level 1 in Fighting
   322 | D:1      | Reached skill level 4 in Earth Magic
   495 | D:1      | Reached XP level 3. HP: 3/20 MP: 0/6
  1299 | D:2      | Reached XP level 4. HP: 26/26 MP: 4/8
  1571 | D:2      | Noticed Natasha
  1753 | D:3      | Killed Natasha
  1753 | D:3      | Reached XP level 5. HP: 23/31 MP: 5/9
  1755 | D:3      | Reached skill level 5 in Earth Magic
  2115 | D:2      | Found a burning altar of Makhleb.
  2122 | D:2      | Found a shadowy altar of Dithmenos.
  2140 | D:2      | Became a worshipper of Makhleb the Destroyer
  2219 | D:3      | Noticed Natasha
  2221 | D:3      | Killed Natasha
  2252 | D:3      | Noticed Natasha
  2277 | D:3      | Killed from afar by Natasha

Skill      XL: |  1  2  3  4  5 |
---------------+----------------+-----
Fighting       | 1 2 3 |  3.1
Earth Magic    | 4 5 |  5.2
Spellcasting   | 3 |  3.4
Dodging        | |  1.5
Stealth        | |  2.1
Transmutations | |  0.7

Action                   |  1- 3 |  4- 6 || total
-------------------------+-------+-------++-------
Melee: Whip              |    41 |    27 ||    68
       Unarmed           |     1 |       ||     1
Throw: Stone             |       |     2 ||     2
 Cast: Sandblast         |    38 |    56 ||    94
  Use: Potion            |       |     1 ||     1
 Stab: Sleeping          |     1 |       ||     1
  Eat: Chunk             |     2 |     3 ||     5
Armor: Robe              |    20 |    27 ||    47
Dodge: Dodged            |    50 |    46 ||    96
